 Dungeon Crawl Stone Soup version 0.19.1 (webtiles) character file.

52 LadySerpentine the Magician (level 3, 0/24 HPs)
             Began as a Demonspawn Wizard on Dec 1, 2016.
             Killed by nerve-wracking pain
             ... invoked by Menkaure
              (7 damage)
             ... on level 4 of the Dungeon.
             The game lasted 00:15:27 (2384 turns).

LadySerpentine the Magician (Demonspawn Wizard)     Turns: 2384, Time: 00:15:27

Health: 0/24       AC:  2    Str:  7    XL:     3   Next: 60%
Magic:  2/8        EV: 12    Int: 20    God:
Gold:   95         SH:  0    Dex: 11    Spells: 4 memorised, 2 levels left

rFire  . . .     SeeInvis .     e - +1 dagger
rCold  . . .     Gourm    .     a - +0 robe
rNeg   . . .     Faith    .     (no shield)
rPois  .         Spirit   .     b - +0 hat
rElec  .         Reflect  .     (no cloak)
rCorr  .         Harm     .     (no gloves)
MR     .....                    (no boots)
Stlth  ++........               (no amulet)
                                (no ring)
                                (no ring)

@: about to teleport, very slightly contaminated
A: powered by death 2
a: no special abilities


You were on level 4 of the Dungeon.
You were not hungry.

You visited 1 branch of the dungeon, and saw 3 of its levels.

You collected 95 gold pieces.

Inventory:

Hand Weapons
 e - a +1 dagger (weapon)
Missiles
 f - 22 poisoned needles
 l - 41 bolts
 n - 8 javelins of penetration (quivered)
 p - 13 arrows
Armour
 a - a +0 robe (worn)
 b - a +0 hat (worn)
 g - a +0 chain mail
Wands
 o - a wand of lightning (0/15)
Scrolls
 m - a scroll of teleportation
Potions
 d - 2 potions of heal wounds
 j - 2 potions of haste
 k - a potion of curing
Books
 c - a book of Minor Magic

   Spells                             Type                      Level
   a - Magic Dart                     Conjuration                  1
   b - Blink                          Translocation                2
   c - Call Imp                       Summoning                    2
   d - Repel Missiles                 Charms/Air                   2
   e - Slow                           Hexes                        2
   f - Conjure Flame                  Conjuration/Fire             3
   g - Mephitic Cloud                 Conjuration/Poison/Air       3


   Skills:
 + Level 2.1 Dodging
 + Level 2.1 Stealth
 * Level 3.9 Spellcasting
 + Level 1.2 Conjurations
 + Level 1.0 Summonings
 + Level 1.0 Translocations


You had 2 spell levels left.
You knew the following spells:

 Your Spells              Type           Power        Failure   Level  Hunger
a - Magic Dart            Conj           #...         10%         1    None
b - Blink                 Tloc           N/A          14%         2    ##.....
c - Call Imp              Summ           #.......     14%         2    ##.....
d - Slow                  Hex            #.......     24%         2    ##.....


Dungeon Overview and Level Annotations

Branches:
Dungeon (4/15)
 Temple: D:4-7

Altars:

Annotations:
D:4 Menkaure


Innate Abilities, Weirdness & Mutations

You regenerate health from kills.


Message History

Aim: Menkaure (fast)
You hear a mighty clap of thunder!
The bolt of lightning hits the worker ant.
The worker ant is almost dead.
The bolt of lightning hits Menkaure.
Menkaure is moderately damaged.
Evoking this partially-identified wand wasted a few charges.
The worker ant bites you.
As you read the scroll labeled XOTENO ZUXTI, it crumbles to dust.
You feel strangely unstable.
It was a scroll of teleportation.
The worker ant closely misses you.
Zapping:
o - a wand of lightning {zapped: 2} (will waste charges)
Press: ? - help, Shift-Dir - straight line, f/p - Menkaure
Aim: Menkaure (moderately damaged, fast) Nothing appears to happen.
Menkaure hits you.
* * * LOW HITPOINT WARNING * * *
The worker ant misses you.
Menkaure points at you and mumbles some strange words.
Pain shoots through your body!
You die...

. #### #. # ..######
#.#. #.##...# ##
#..#### #.##...###
##.
##....###........#
##.#
##.$........a@....#
##.##
#...........M.....#
##.##
#$##.#########...####
#.## # #........#
#..## #.##.#.#.#
##.#[.## ##+##
#.##..#..# #.###..#
##>..## #.##.###.##
##.#..#. ##.....##
#.#....#..# #.#.##
##.......##
#.#.5#.#.## #.#.##


You could see Menkaure and a worker ant.

Vanquished Creatures
  An adder (D:4)
  An ooze (D:1)
  A dart slug (D:1)
  A ball python (D:2)
  5 giant cockroaches
  A hobgoblin (D:2)
  3 kobolds (D:1)
  3 bats
  A frilled lizard (D:2)
  5 goblins (D:1)
  A quokka skeleton (D:4)
  6 rats (D:1)
29 creatures vanquished.

Vanquished Creatures (collateral kills)
  A worm (D:2)
  2 leopard geckos (D:4)
  3 kobolds (D:2)
  A frilled lizard (D:2)
7 creatures vanquished.

Grand Total: 36 creatures vanquished

Notes
Turn   | Place    | Note
-------+----------+-------------------------------------------
     0 | D:1      | LadySerpentine the Demonspawn Wizard began the quest for the Orb.
     0 | D:1      | Reached XP level 1. HP: 13/13 MP: 4/4
   235 | D:1      | Gained mutation: You regenerate a little health from kills. [demonic ancestry]
   235 | D:1      | Reached XP level 2. HP: 19/19 MP: 4/6
   883 | D:1      | Learned a level 2 spell: Blink
   886 | D:1      | Learned a level 2 spell: Call Imp
   889 | D:1      | Learned a level 2 spell: Slow
  1516 | D:1      | Gained mutation: You regenerate health from kills. [demonic ancestry]
  1516 | D:1      | Reached XP level 3. HP: 24/24 MP: 6/8
  1942 | D:2      | You fall through a shaft for 2 floors!
  2100 | D:4      | Reached skill level 1 in Translocations
  2367 | D:4      | Noticed Menkaure
  2384 | D:4      | Killed from afar by Menkaure

Skill      XL: |  1  2  3 |
---------------+----------+-----
Dodging        | 2 |  2.1
Stealth        | 2 |  2.1
Translocations | 1 |  1.0
Spellcasting   | |  3.9
Conjurations   | |  1.2
Summonings     | |  1.0

Action                   || total
-------------------------++-------
Melee: Dagger            ||    52
 Cast: Magic Dart        ||    61
       Call Imp          ||    12
       Blink             ||     3
Evoke: Wand              ||     1
  Use: Scroll            ||     3
       Potion            ||     2
  Eat: Chunk             ||     3
       Bread ration      ||     1
Armor: Robe              ||    17
Dodge: Dodged            ||    71
